Description

All credits 2 BombsTVEN

Starcraft 2: Simple Mech Build vs All Races

watch the video to get full grasp on the build order. In build order steps mech units will be presented once, after that continue to pop them out.

important to switch buildings with barracks (notes)

VOD

https://www.youtube.com/watch?v=2W0r4Aikn88

Build Order

Get SALT Encoding   

  14  0:17  Supply Depot  
  15  0:29  Refinery  
  16  0:45  Barracks  + Scout
  19  1:32  Barracks Reactor  
  19  1:33  Orbital Command  
  19  1:42  Command Center  
  19  1:52  Factory  
  20  2:05  Supply Depot  
  22  2:16  Marine x2  
  23  2:17  Refinery  
  26  2:35  Marine x2  
  27  2:42  Factory Tech Lab  
  27  2:45  Factory  
  27  2:54  Marine x2  
  30  3:05  Orbital Command  
  34  3:20  Siege Tank  
  35  3:29  Supply Depot  + Switch Factory with Barracks
  41  3:40  Widow Mine x2  
  43  3:51  Supply Depot  
  55  4:20  Supply Depot  
  56  4:25  Command Center  
  56  4:30  Refinery x2  
  62  4:42  Supply Depot x2  
  74  5:15  Factory  
  74  5:17  Starport  
  74  5:19  Barracks Reactor  
  82  5:20  Supply Depot x2  
  80  5:30  Armory  
  80  5:32  Engineering Bay  
  83  5:45  Supply Depot x2  
  93  6:05  Factory Tech Lab  + Switch Starport with Barracks
  95  6:10  Supply Depot x2  
  95  6:15  Liberator x2  
  95  6:20  Missile Turret x5  5 as orientation number
  101  6:35  Supply Depot x2  
  106  7:00  Refinery x2  
  112  7:05  Supply Depot  
  118  7:10  Terran Vehicle Weapons Level 1  
  125  7:25  Supply Depot x2  
  140  7:51  Infernal Pre-Igniter  
  141  7:55  Supply Depot x2  
  145  8:00  Command Center  + More when money
  146  8:02  Missile Turret  + More with money
  157  8:26  Supply Depot x2  
  165  8:50  Thor x2  + Max out 200 and move out - win
Spawning Tool Build Advisor. Get it on Overwolf

Analysis

Your army composition should always have:

6-8 Widow Mines

12-16 Hellbats

12-16 Siege Tanks

6-8 Liberators

2-3 Thors

(6 Marines when they survive xD)

Go to:

Details

  • Created by: snowak91
  • Published on: Sep 20, 2017
  • Modified on: Sep 21, 2017
  • Patch: 3.15.0
Show
View Real Time Build Order
Export as new Build Order

Comments (0)

There are no comments. Be the first!

Create an account to comment!